 Dungeon Crawl Stone Soup version 0.26.0-16-gc1dbca0489 (webtiles) character file.

Game seed: 16691686476425337333

432 teolandon225 the Covert (level 6, -2/28 HPs)
             Began as a Spriggan Enchanter on Jan 21, 2021.
             Was an Initiate of Dithmenos.
             Slain by an orc warrior
             ... wielding a +0 halberd
              (16 damage)
             ... on level 4 of the Dungeon.
             The game lasted 00:05:50 (5071 turns).

teolandon225 the Covert (Spriggan Enchanter)        Turns: 5071, Time: 00:05:50

Health: -2/28      AC:  2    Str:  4    XL:     6   Next: 67%
Magic:  3/11       EV: 21    Int: 19    God:    Dithmenos [......]
Gold:   172        SH:  0    Dex: 16    Spells: 2/10 levels left

rFire    . . .     SeeInvis +   a - +2 dagger
rCold    . . .     Faith    .   (shield restricted)
rNeg     . . .     Spirit   .   b - +0 robe
rPois    .         Reflect  .   (helmet restricted)
rElec    .         Harm     .   g - scarf {repulsion}
rCorr    .         Rampage  .   (gloves unavailable)
Will     +....                  (boots unavailable)
Stlth    ++++......             (no amulet)
HPRegen  0.09/turn              (no ring)
MPRegen  0.12/turn              (no ring)

@: repel missiles, very quick
A: very small, unfitting armour, see invisible, speed 3
a: Renounce Religion


You were on level 4 of the Dungeon.
You worshipped Dithmenos.
Dithmenos was noncommittal.
You visited 2 branches of the dungeon, and saw 5 of its levels.

You collected 172 gold pieces.

Inventory:

Hand Weapons
 a - a +2 dagger (weapon)
Armour
 b - a +0 robe (worn)
 g - a scarf of repulsion (worn)
Jewellery
 c - an uncursed ring of positive energy {unknown}
 j - an uncursed ring of fire {unknown}
 o - an uncursed amulet of reflection {unknown}
Wands
 q - a wand of acid (8)
 r - a wand of flame (18)
Scrolls
 f - 2 scrolls of amnesia
 h - a scroll of random uselessness {unknown}
 s - a scroll of identify
Potions
 d - a potion of brilliance
 e - a potion of experience
 i - a potion of lignification
 k - a potion of attraction {unknown}
 l - a potion of magic {unknown}
 m - a potion of invisibility {unknown}
 n - a potion of berserk rage {unknown}
 p - 3 potions of curing {unknown}


   Skills:
 - Level 1.1 Short Blades
 + Level 5.3 Dodging
 * Level 8.2 Stealth
 - Level 2.6 Spellcasting
 * Level 6.4 Hexes


You had 2 spell levels left.
You knew the following spells:

 Your Spells              Type           Power        Failure   Level
e - Tukima's Dance        Hex            26%          3%          3
q - Ensorcelled Hibernat  Hex/Ice        28%          6%          2
w - Confusing Touch       Hex            26%          3%          3

Your spell library contained the following spells:

 Spells                   Type           Power        Failure   Level
 Corona                   Hex            28%          1%          1
 Dazzling Flash           Conj/Hex       28%          13%         3


Dungeon Overview and Level Annotations

Branches:
Dungeon (4/15)             Temple (1/1) D:4

Altars:
Ashenzari
Cheibriados
Dithmenos
Elyvilon
Gozag
Makhleb
Nemelex Xobeh
Okawaru
Qazlal
Ru
Sif Muna
Trog
Vehumet
Wu Jian
Xom
Yredelemnul
Zin
The Shining One


Innate Abilities, Weirdness & Mutations

You are very small and have problems with some larger weapons.
You are too small for most types of armour.
You have supernaturally acute eyesight. (SInv)
You cover ground extremely quickly.


Message History

a jackal corpse; a jackal corpse; a jackal corpse The orc priest casts a cantrip, but nothing happens.
The orc priest calls upon Beogh to heal the orc warrior.
The orc warrior is healed somewhat.
Casting: Ensorcelled Hibernation (safe; 6% risk of failure)
Confirm with . or Enter, or press ? or * to list all spells.
Aiming: Ensorcelled Hibernation (safe; 6% risk of failure)
Press: ? - help, Shift-Dir - straight line, f/p - orc warrior
Aim: an orc warrior, wielding a +0 halberd and wearing a cursed +0 chain mail (severely wounded, chance to affect: 45%)
The orc warrior looks drowsy...
The orc warrior shouts!
The orc warrior closely misses you.
The orc priest calls down the wrath of Beogh upon you.
Beogh smites you!
Ouch! That really hurt!
You hit the orc warrior but do no damage.
The orc warrior is severely wounded.
The orc warrior hits you with a +0 halberd!
Ouch! That really hurt!
You die...

#.#
#..#
#.#
##.##
#.#
#..#
#.#
#.##
#.# #o#
#.# #†#
#.###o#
#.##o.#
#.##@##
#.#..#
#...##
#####


You could see an orc warrior, an orc priest and an orc.

Vanquished Creatures
  2 ogres (D:4)
  A hound (D:3)
  An iguana (D:4)
  2 orc wizards
  2 worker ants (D:4)
  3 gnolls
  4 adders
  2 dart slugs (D:1)
  2 leopard geckos
  6 orcs
  A giant cockroach (D:1)
  4 hobgoblins
  7 jackals
  4 kobolds
  2 ball pythons
  4 bats
  3 frilled lizards
  4 goblins
  5 rats
59 creatures vanquished.

Notes
Turn   | Place    | Note
-------+----------+-------------------------------------------
     0 | D:1      | teolandon225 the Spriggan Enchanter began the quest for the
                  | Orb.
     0 | D:1      | Reached XP level 1. HP: 9/9 MP: 5/5
   386 | D:1      | Reached XP level 2. HP: 13/13 MP: 6/6
   389 | D:1      | Learned a level 2 spell: Ensorcelled Hibernation
   504 | D:1      | Reached skill level 5 in Stealth
   742 | D:1      | Reached XP level 3. HP: 16/16 MP: 0/8
   746 | D:1      | Learned a level 3 spell: Confusing Touch
  1801 | D:3      | Reached XP level 4. HP: 21/21 MP: 0/9
  2106 | D:3      | Reached skill level 6 in Stealth
  2459 | D:3      | Found an iron altar of Okawaru.
  2745 | D:3      | Reached skill level 5 in Hexes
  2745 | D:3      | Reached XP level 5. HP: 24/24 MP: 10/10
  2749 | D:3      | Learned a level 3 spell: Tukima's Dance
  2750 | D:3      | Found a white marble altar of Elyvilon.
  2753 | D:3      | Found a basalt altar of Yredelemnul.
  2756 | D:3      | Found a shimmering altar of Xom.
  3327 | D:4      | Reached skill level 7 in Stealth
  3510 | D:4      | Found a staircase to the Ecumenical Temple.
  3563 | Temple   | Entered the Ecumenical Temple
  3846 | Temple   | Became a worshipper of Dithmenos the Shadowed
  4473 | D:4      | Noticed an ogre
  4479 | D:4      | Killed an ogre
  4480 | D:4      | Reached skill level 5 in Dodging
  4480 | D:4      | Reached XP level 6. HP: 28/28 MP: 11/11
  4575 | D:4      | Reached skill level 8 in Stealth
  4894 | D:4      | Found a stormy altar of Qazlal.
  5040 | D:4      | Noticed an orc warrior
  5071 | D:4      | Slain by an orc warrior

Illustrated notes

Levels and vault maps discovered:
D:1:      evilmike_arrival_rings, layout_basic
D:2:      layout_loops_ring, chequers_serial_rivers_large_a
D:3:      layout_loops_ring, grunt_temple_overflow_diamond,
          kennysheep_crisscross, okawaru_ov_weapons_minmay
D:4:      layout_basic, nicolae_qazlal_general_emergency,
          minmay_temple_entry_trees, cheibrodos_gnoll_hut
Temple:   minmay_temple_curvy_branch

Skill      XL: |  1  2  3  4  5  6 |
---------------+-------------------+-----
Hexes          | 4 5 6 |  6.4
Stealth        | 5 6 7 8 |  8.2
Dodging        | 4 5 |  5.3
Short Blades   | |  1.1
Spellcasting   | |  2.6

Action                   |  1- 3 |  4- 6 || total
-------------------------+-------+-------++-------
Melee: Dagger            |    76 |    47 ||   123
 Cast: Corona            |     2 |       ||     2
       Ensorcelled Hiber |    24 |    52 ||    76
       Tukima's Dance    |       |     1 ||     1
  Use: Scroll            |       |     8 ||     8
 Stab: Sleeping          |    21 |    28 ||    49
Armor: Robe              |     5 |     3 ||     8
Dodge: Dodged            |    74 |    57 ||   131
